 Dungeon Crawl Stone Soup version 0.29.1-15-g9cfb28693d (webtiles) character file.

Game seed: 15329895784547584741

3611 LLlMATKO the Fighter (level 9, 0/123 HPs)
             Began as a Minotaur Berserker on Apr 23, 2023.
             Was an Elder of Trog.
             Succumbed to a hornet's poison
             ... on level 7 of the Dungeon.
             The game lasted 00:09:33 (7686 turns).

LLlMATKO the Fighter (Minotaur Berserker)           Turns: 7686, Time: 00:09:34

Health: 0/123      AC: 13    Str: 25    XL:     9   Next: 86%
Magic:  8/8        EV: 26    Int:  4    God:    Trog [****..]
Gold:   297        SH:  0    Dex: 11    Spells: 8/8 levels left

rFire   . . .      SeeInvis .   w - +0 war axe
rCold   . . .      Faith    .   (no shield)
rNeg    . . .      Spirit   .   J - +0 chain mail
rPois   .          Reflect  .   (helmet restricted)
rElec   .          Harm     .   F - scarf {+Inv}
rCorr   .          Rampage  .   j - +0 pair of gloves
Will    .....                   G - +0 pair of boots
Stlth   ..........              e - amulet of the acrobat
HPRegen 0.30/turn               (no ring)
MPRegen 0.11/turn               (no ring)

@: berserking (expiring), lethally poisoned (0 -> -5), acrobatic, slowed
A: horns 2, retaliatory headbutt
a: Renounce Religion, Evoke Invisibility, Berserk, Trog's Hand, Brothers in Arms


You were on level 7 of the Dungeon.
You worshipped Trog.
Trog was greatly pleased with you.
You visited 1 branch of the dungeon, and saw 7 of its levels.
You also visited: Sewer and Ossuary.

You collected 297 gold pieces.

Inventory:

Hand Weapons
 q - a +1 sling of flaming
 w - a +0 war axe (weapon)
Missiles
 f - 33 poisoned darts (quivered)
 m - 5 boomerangs
 H - 56 stones
 O - 5 atropa-tipped darts
Armour
 j - a +0 pair of gloves (worn)
 F - a scarf of invisibility (worn)
 G - a +0 pair of boots (worn)
 J - a +0 chain mail (worn)
Jewellery
 e - an amulet of the acrobat (around neck)
 E - a ring of resist corrosion
 N - a ring of ice
Wands
 b - a wand of polymorph (12)
 s - a wand of flame (6)
 B - a wand of paralysis (5)
Scrolls
 c - 7 scrolls of teleportation {unknown}
 g - a scroll of immolation {unknown}
 n - 3 scrolls of fog {unknown}
 o - 9 scrolls of identify {unknown}
 p - 4 scrolls of fear {unknown}
 v - 3 scrolls of blinking {unknown}
 y - 2 scrolls of enchant armour {unknown}
 D - 4 scrolls of amnesia {unknown}
 K - a scroll of brand weapon {unknown}
 M - 2 scrolls of vulnerability {unknown}
Potions
 a - a potion of magic {unknown}
 d - 5 potions of heal wounds {unknown}
 h - 4 potions of curing {unknown}
 i - a potion of berserk rage {unknown}
 k - a potion of resistance {unknown}
 l - 2 potions of ambrosia {unknown}
 r - 3 potions of haste {unknown}
 t - a potion of degeneration {unknown}
 u - a potion of might {unknown}
 x - a potion of lignification {unknown}
 z - a potion of attraction {unknown}
 A - 3 potions of cancellation {unknown}
 C - 2 potions of mutation {unknown}
 I - a potion of invisibility {unknown}
 L - 2 potions of brilliance {unknown}


   Skills:
 + Level 8.7 Fighting
 + Level 8.7 Axes
 + Level 5.4 Ranged Weapons
 + Level 8.2 Armour
 + Level 7.5 Dodging


You had 8 spell levels left.
You didn't know any spells.
Your spell library was empty.

Dungeon Overview and Level Annotations

Branches:
Dungeon (7/15)             Temple (0/1) D:4           Sewer (visited)
Ossuary (visited)

Altars:
Makhleb
Okawaru
Uskayaw
Vehumet
Zin


Innate Abilities, Weirdness & Mutations

You have a pair of horns on your head.
You reflexively headbutt those who attack you in melee.


Message History

You are too injured to fight recklessly!
You are too injured to fight recklessly!
Unknown command.
You closely miss the hornet.
The hornet is almost dead.
You feel extremely sick.
The hornet stings you but does no damage.
The hornet closely misses you.
You barely miss the hornet. Your headbutt misses the hornet.
The hornet is almost dead.
* * * LOW HITPOINT WARNING * * *
You feel extremely sick. The hornet closely misses you.
You furiously retaliate!
You headbutt the hornet, but do no damage.
The hornet stings you but does no damage.
The hornet stings you!
* * * LOW HITPOINT WARNING * * *
You feel as though you will be slow longer.
A red film seems to cover your vision as you go berserk!
You feel yourself moving faster!
You feel mighty!
* * * LOW HITPOINT WARNING * * *
You feel very sick.
The hornet stings you but does no damage.
The hornet misses you.
You miss the hornet.
The hornet is almost dead.
* * * LOW HITPOINT WARNING * * *
You feel sick.
The hornet stings you but does no damage.
Unknown command.
You hit the hornet.
You kill the hornet!
Trog accepts your kill.
* * * LOW HITPOINT WARNING * * *
You feel sick.
Unknown command.
You are too berserk!
You are too berserk!
There is a lethal amount of poison in your body!
You die...

... ##..# $... ### #...
....#######.########...
....................##
#...........#########
#........### #
#!.......# # #........#
# #..@.###.)# # #....#
##.... # #....## #..!.
....### ..## #...# .##
##.# #. #


There were no monsters in sight!

Vanquished Creatures
  Pikel (D:5)
  A hornet (D:7)
  Sigmund (D:4)
  2 water moccasins (D:6)
  Pargi (Sewer)
  A black bear (D:6)
  2 ice beasts (D:7)
  5 ogres
  A phantom (D:5)
  2 elf zombies (Ossuary)
  A kobold brigand (Sewer)
  2 bullfrogs
  2 necrophages (D:6)
  4 scorpions
  A howler monkey (D:5)
  3 centaur zombies (Ossuary)
  4 hounds
  A human zombie (Ossuary)
  2 jellies (D:6)
  2 orc priests
  Ijyb (D:3)
  A gnoll bouda (D:6)
  5 iguanas
  Terence (D:2)
  6 orc wizards
  A statue (D:4)
  2 mummies (Ossuary)
  Robin (D:3)
  6 adders
  2 shadow imps
  A white imp (D:6)
  2 ufetubi
  An adder zombie (Ossuary)
  A worm (D:2)
  3 dart slugs
  17 orcs
  10 ball pythons
  6 endoplasms
  7 giant cockroaches
  13 goblins
  11 hobgoblins
  2 jackals (D:3)
  4 quokkas
  4 bats
  4 frilled lizards
  A goblin zombie (D:6)
  8 hobgoblin zombies (Ossuary)
  3 jackal zombies (Ossuary)
  11 kobolds
  7 kobold zombies (Ossuary)
  10 orc zombies (Ossuary)
  A quokka zombie (D:6)
  4 rats
  2 rat zombies (Ossuary)
198 creatures vanquished.

Notes
Turn   | Place    | Note
-------+----------+-------------------------------------------
     0 | D:1      | LLlMATKO the Minotaur Berserker began the quest for the
                  | Orb.
     0 | D:1      | Reached XP level 1. HP: 19/19 MP: 0/0
   610 | D:1      | Reached XP level 2. HP: 27/27 MP: 1/1
  1197 | D:2      | Noticed Terence
  1214 | D:2      | Killed Terence
  1215 | D:2      | Reached XP level 3. HP: 6/33 MP: 2/2
  1710 | D:2      | Found a faded altar of an unknown god.
  2059 | D:2      | Reached XP level 4. HP: 41/41 MP: 3/3
  2184 | D:3      | Reached ** piety under Trog
  2223 | D:3      | Noticed Ijyb
  2231 | D:3      | Paralysed by Ijyb for 2 turns
  2235 | D:3      | Killed Ijyb
  2279 | D:3      | Noticed Robin
  2290 | D:3      | Killed Robin
  2491 | D:3      | Reached XP level 5. HP: 46/47 MP: 4/4
  2697 | D:3      | Reached skill level 5 in Fighting
  2697 | D:3      | Reached skill level 5 in Axes
  3179 | D:3      | Found a glowing silver altar of Zin.
  3296 | D:4      | Found a staircase to the Ecumenical Temple.
  3307 | D:4      | Found a glowing drain.
  3335 | Sewer    | Entered a sewer
  3378 | Sewer    | Reached XP level 6. HP: 51/56 MP: 5/5
  3419 | Sewer    | Noticed Pargi
  3424 | Sewer    | Killed Pargi
  3560 | D:4      | Found a radiant altar of Vehumet.
  3640 | D:4      | Noticed Sigmund
  3649 | D:4      | Killed Sigmund
  3650 | D:4      | Reached skill level 5 in Armour
  3650 | D:4      | Reached XP level 7. HP: 62/62 MP: 6/6
  3861 | D:4      | Found a hide-covered altar of Uskayaw.
  4128 | D:4      | Found an iron altar of Okawaru.
  4833 | D:5      | Entered Level 5 of the Dungeon
  4844 | D:5      | Reached skill level 5 in Dodging
  5186 | D:5      | Reached skill level 1 in Ranged Weapons
  5462 | D:5      | Noticed Pikel
  5467 | D:5      | Killed Pikel
  5468 | D:5      | Reached XP level 8. HP: 68/71 MP: 7/7
  6035 | D:6      | Found a burning altar of Makhleb.
  6040 | D:6      | Reached *** piety under Trog
  6125 | D:6      | Reached XP level 9. HP: 50/79 MP: 8/8
  6494 | D:6      | Identified the +1 ring mail of Feasting {Int+3}
  6530 | D:6      | Found a sand-covered staircase.
  6537 | Ossuary  | Entered an ossuary
  6657 | Ossuary  | Reached **** piety under Trog
  7168 | D:6      | Reached skill level 5 in Ranged Weapons
  7680 | D:7      | Paralysed by a hornet for 1 turns
  7683 | D:7      | HP: 5/123 [poisoned by a hornet]
  7685 | D:7      | HP: 1/123 [poisoned by a hornet]
  7686 | D:7      | Succumbed to a hornet's poison

Illustrated notes

Levels and vault maps discovered:
D:1:      dpeg_arrival_circle_labyrinth_a, layout_basic
D:2:      layout_loops_ring, ebering_ecumenical_altar_abandoned, uniq_terence
D:3:      layout_basic, zin_treasury, uniq_ijyb, uniq_robin
D:4:      layout_basic, vehumet_statue, kennysheep_little_box,
          eat_drink_and_be_merry_uskayaw, minmay_temple_entry_offerings,
          portal_sewer_entry_d, uniq_sigmund
D:5:      layout_loops_ring, uniq_pikel
D:6:      minmay_octagon_keep, layout_basic, mainiacjoe_overflow_alcove_4,
          enter_ossuary_4
D:7:      layout_layer_cave

Skill      XL: |  1  2  3  4  5  6  7  8  9 |
---------------+----------------------------+-----
Axes           | 4 5 6 7 8 |  8.7
Fighting       | 4 5 6 7 8 |  8.7
Armour         | 3 4 5 6 7 8 |  8.2
Dodging        | 3 4 5 6 7 |  7.5
Ranged Weapons | 2 3 5 |  5.4

Action                   |  1- 3 |  4- 6 |  7- 9 || total
-------------------------+-------+-------+-------++-------
Melee: Hand axe          |    75 |    36 |       ||   111
       Headbutt          |    14 |    12 |    62 ||    88
       Unarmed           |    11 |       |       ||    11
       War axe           |       |    54 |   256 ||   310
       Punch             |       |     1 |     3 ||     4
 Fire: Sling             |       |       |    26 ||    26
Invok: Berserk           |     1 |     5 |     3 ||     9
  Use: Scroll            |       |     1 |       ||     1
Armor: Animal skin       |    16 |       |       ||    16
       Scale mail        |     4 |    42 |    11 ||    57
       Chain mail        |       |       |   123 ||   123
Dodge: Dodged            |    56 |    51 |   147 ||   254
